 Dungeon Crawl Stone Soup version 0.28-a0-957-g42eb19b844 (webtiles) character file.

Game seed: 27622088669245907

124 mcbry74 the Insei (level 5, -1/37 HPs)
             Began as a Merfolk Transmuter on Nov 30, 2021.
             Slain by a water moccasin (8 damage)
             ... on level 3 of the Dungeon.
             The game lasted 00:10:37 (3730 turns).

mcbry74 the Insei (Merfolk Transmuter)              Turns: 3730, Time: 00:10:39

Health: -1/37      AC:  2    Str: 13    XL:     5   Next: 8%
Magic:  5/8        EV: 20    Int: 12    God:
Gold:   94         SH:  0    Dex: 19    Spells: 4/8 levels left

rFire   . . .      SeeInvis .     - Unarmed
rCold   . . .      Faith    .   (shield currently unavailable)
rNeg    + . .      Spirit   .   (armour currently unavailable)
rPois   x          Reflect  .   (helmet currently unavailable)
rElec   .          Harm     .   (cloak currently unavailable)
rCorr   .          Rampage  .   (gloves currently unavailable)
Will    .....                   (boots currently unavailable)
Stlth   ++........              (no amulet)
HPRegen 0.12/turn               j - ring of positive energy
MPRegen 0.11/turn               (no ring)

@: spider-form (expiring)
A: venomous fangs, tiny, (nimble swimmer 2), (mertail)
a: End Transformation


You were on level 3 of the Dungeon.
You were a venomous arachnid creature.
You visited 1 branch of the dungeon, and saw 3 of its levels.

You collected 94 gold pieces.

Inventory:

Missiles
 k - 12 poisoned darts
Armour
 a - a +0 robe (melded)
Jewellery
 d - an amulet of faith
 j - a ring of positive energy (left front leg)
 o - a ring of fire
Scrolls
 e - a scroll of fear {unknown}
 g - a scroll of enchant armour {unknown}
 h - a scroll of enchant weapon {unknown}
 l - a scroll of noise {unknown}
 m - a scroll of amnesia {unknown}
 n - a scroll of identify {unknown}
Potions
 b - a potion of might {unknown}
 c - a potion of heal wounds
 f - 3 potions of curing {unknown}
 i - 2 potions of magic {unknown}


   Skills:
 - Level 1.1 Fighting
 - Level 2.6 Dodging
 * Level 4.9 Unarmed Combat
 - Level 2.0 Spellcasting
 + Level 4.4 Transmutations
 + Level 1.7 Poison Magic


You had 4 spell levels left.
You knew the following spells:

 Your Spells              Type           Power      Damage    Failure   Level
a - Beastly Appendage     Tmut           22%        N/A       13%         1
b - Spider Form           Tmut/Pois      8%         N/A       43%         3

Your spell library contained the following spells:

 Spells                   Type           Power      Damage    Failure   Level
 Wereblood                Tmut           11%        N/A       19%         2
 Ice Form                 Ice/Tmut       6%         N/A       88%         4


Dungeon Overview and Level Annotations

Branches:
Dungeon (3/15)

Altars:

Shops:
D:1 [*:


Innate Abilities, Weirdness & Mutations

You are a venomous arachnid creature.
You have poisonous fangs.
You are tiny and dextrous.
Your spellcasting is less reliable in this form.
Your armour is entirely melded.
You are incapable of wielding weapons or throwing items.
((You are quick and stealthy near water. (Stealth+, EV+, Speed+++)))
((Your lower body shifts to a powerful aquatic tail in water.))


Message History

You closely miss the hobgoblin. The hobgoblin hits you.
You hit the hobgoblin.
You kill the hobgoblin!
You see here a hobgoblin corpse.
A centaur comes into view.
The ball python hisses angrily.
You hear an angry hiss.
The centaur wields a +0 shortbow.
The centaur shoots an arrow.
The arrow barely misses you.
A water moccasin comes into view.
The water moccasin moves out of view.
You see here a hobgoblin corpse.
Casting: Beastly Appendage (safe; 4% risk of failure)
Confirm with . or Enter, or press ? or * to list all spells.
The spell is quite dangerous to miscast (22% risk of failure)!
Continue anyway?
You turn into a venomous arachnid creature.
Your +0 robe melds into your body.
The centaur shoots an arrow.
The arrow completely misses you.
The centaur unwields a +0 shortbow.
The centaur closely misses you. The centaur misses you.
You see here a hobgoblin corpse.
You hit the centaur.
The centaur is poisoned.
The centaur is lightly wounded.
The centaur hits you. The centaur closely misses you.
The water moccasin bites you! The centaur barely misses you.
The centaur kicks you.
You hit the centaur.
The centaur looks as sick as possible!
The centaur is moderately wounded.
Your transformation is almost over.
The water moccasin completely misses you.
The centaur misses you.
The centaur kicks you but does no damage.
You barely miss the water moccasin. The water moccasin bites you!
The centaur barely misses you. The centaur kicks you.
You hit the centaur but do no damage.
The centaur looks as sick as possible!
The centaur is severely wounded.
The centaur hits you.
* * * LOW HITPOINT WARNING * * *
The centaur kicks you but does no damage.
The centaur closely misses you. x2; The water moccasin bites you!
You die...

#..##..
##.### #...#
#...# ##
#...# .#
#.[.##.#
#....#.#
#...S#.#
#...sS.#
#####c.# #..#
............#
Sc..........#
............#
...c..##...##
^..... #..#
...... .>#


You could see a water moccasin, a centaur (extremely poisoned) and a ball
python.

Vanquished Creatures
  5 gnolls
  2 adders (D:3)
  A worm (D:2)
  A dart slug (D:1)
  4 endoplasms
  2 giant cockroaches
  4 goblins (D:1)
  6 hobgoblins
  3 jackals (D:3)
  8 kobolds
  2 quokkas (D:1)
  7 ball pythons
  3 bats (D:1)
  2 frilled lizards (D:1)
  4 rats
54 creatures vanquished.

Vanquished Creatures (others)
  5 fungi (D:2)
  4 plants (D:2)
9 creatures vanquished.

Grand Total: 63 creatures vanquished

Notes
Turn   | Place    | Note
-------+----------+-------------------------------------------
     0 | D:1      | mcbry74 the Merfolk Transmuter began the quest for the Orb.
     0 | D:1      | Reached XP level 1. HP: 15/15 MP: 3/3
   400 | D:1      | Reached XP level 2. HP: 12/21 MP: 5/5
   802 | D:1      | Reached XP level 3. HP: 15/26 MP: 4/6
  1174 | D:1      | Found Meaclo's Book Shop.
  1357 | D:1      | Learned a level 3 spell: Spider Form
  1537 | D:1      | Found Poxulidi's Antique Armour Emporium.
  1557 | D:1      | Found Xeinla's General Store.
  2400 | D:2      | Found a faded altar of an unknown god.
  2602 | D:2      | Reached XP level 4. HP: 17/32 MP: 5/7
  2693 | D:2      | Reached skill level 1 in Poison Magic
  3428 | D:3      | Reached XP level 5. HP: 28/37 MP: 6/8
  3719 | D:3      | Noticed a centaur
  3720 | D:3      | Noticed a water moccasin
  3730 | D:3      | Slain by a water moccasin

Illustrated notes

Levels and vault maps discovered:
D:1:      dpeg_arrival_tiny_d, layout_loops_ring, serial_shops,
          nicolae_lakefront_shop, shop_fountains, nicolae_shop_trees
D:2:      layout_loops_corners, dreamdust_ecumenical_altar_grove
D:3:      layout_basic, riverfiend_overflow_shadow_ancestor

Skill      XL: |  1  2  3  4 |
---------------+-------------+-----
Unarmed Combat | 4 |  4.9
Transmutations | 3 4 |  4.4
Poison Magic   | 1 |  1.7
Fighting       | |  1.1
Dodging        | |  2.6
Spellcasting   | |  2.0

Action                   |  1- 3 |  4- 6 || total
-------------------------+-------+-------++-------
Melee: Unarmed           |   171 |    79 ||   250
       Punch             |     4 |       ||     4
       Headbutt          |     2 |     2 ||     4
 Cast: Beastly Appendage |     5 |     3 ||     8
       Spider Form       |     1 |     1 ||     2
  Use: Potion            |     1 |       ||     1
 Stab: Sleeping          |     1 |       ||     1
Armor: Robe              |    25 |     3 ||    28
       Skin              |       |     2 ||     2
Dodge: Dodged            |    98 |    57 ||   155

Table legend: (Time is in decaauts)
 A = Elapsed time spent in this place.
 B = Non-inter-level travel time spent in this place.
 C = Inter-level travel time spent in this place.
 D = Time resting spent in this place.
 E = Time spent auto-exploring this place.
 F = Levels seen in this place.
 G = Mean time per level.
                   A        B        C        D        E       F      G
               +--------+--------+--------+--------+--------+-----+--------+
         Total |   3706 |   3670 |     36 |   1368 |   1679 |   3 | 1235.3 |
       Dungeon |   3706 |   3670 |     36 |   1368 |   1679 |   3 | 1235.3 |
               +--------+--------+--------+--------+--------+-----+--------+

Top non-repeatable levels by time:
     D:1: 1808 daAuts
     D:2: 1415 daAuts
     D:3: 483 daAuts
